 Dungeon Crawl Stone Soup version 0.28-a0-439-g4cf4cd4993 (webtiles) character file.

Game seed: 13273240263402490812

3227 Conn the Magician (level 9, -8/59 HPs)
             Began as an Octopode Hedge Wizard on Sept 11, 2021.
             Was an Initiate of Sif Muna.
             Mangled by a wight (11 damage)
             ... on level 7 of the Dungeon.
             The game lasted 00:41:13 (12008 turns).

Conn the Magician (Octopode Hedge Wizard)          Turns: 12008, Time: 00:41:19

Health: -8/59      AC:  1    Str: 10    XL:     9   Next: 98%
Magic:  17/20      EV: 13    Int: 19    God:    Sif Muna [......]
Gold:   377        SH:  0    Dex: 11    Spells: 7/22 levels left

rFire   . . .      SeeInvis .   a - +0 dagger
rCold   . . .      Faith    .   (no shield)
rNeg    . . .      Spirit   .   b - +0 hat
rPois   .          Reflect  .   (no amulet)
rElec   .          Harm     .   (no ring)
rCorr   .          Rampage  .   (no ring)
Will    .....                   (no ring)
Stlth   +++.......              (no ring)
HPRegen 0.19/turn               (no ring)
MPRegen 0.17/turn               (no ring)
                                (no ring)
                                (no ring)

@: lethally poisoned (-8 -> -11), attractive, unable to read
A: almost no armour, amphibious, 8 rings, camouflage 1, gelatinous body 1,
(nimble swimmer 1), tentacles, antennae 1, robust 1, inability to read while
threatened
a: Renounce Religion


You were on level 7 of the Dungeon.
You worshipped Sif Muna.
Sif Muna was noncommittal.
You visited 2 branches of the dungeon, and saw 8 of its levels.
You also visited: Sewer.

You collected 377 gold pieces.

Inventory:

Hand Weapons
 a - a +0 dagger (weapon)
Missiles
 d - a throwing net (quivered)
Armour
 b - a +0 hat (worn)
Wands
 s - a wand of mindburst (8)
Scrolls
 c - 4 scrolls of enchant weapon {unknown}
 e - a scroll of blinking
 f - 3 scrolls of enchant armour {unknown}
 i - 6 scrolls of identify
 l - 2 scrolls of noise {unknown}
 n - 3 scrolls of fear {unknown}
 o - a scroll of magic mapping {unknown}
 p - a scroll of amnesia {unknown}
 q - a scroll of teleportation
 r - a scroll of vulnerability {unknown}
Potions
 g - a potion of flight
 h - a potion of degeneration
 k - a potion of brilliance
 m - a potion of attraction


   Skills:
 + Level 1.9 Fighting
 + Level 0.7 Short Blades
 + Level 3.4 Dodging
 - Level 3.4 Stealth
 + Level 7.3 Spellcasting
 + Level 5.7 Conjurations
 + Level 3.0 Hexes
 + Level 4.0 Summonings
 + Level 2.9 Translocations
 * Level 4.8 Fire Magic
 + Level 2.4 Air Magic
 - Level 4.0 Poison Magic
 + Level 0.7 Evocations


You had 7 spell levels left.
You knew the following spells:

 Your Spells              Type           Power      Damage    Failure   Level
a - Foxfire               Conj/Fire      100%       2x1d9     1%          1
b - Conjure Flame         Conj/Fire      27%        6-21      3%          3
c - Inner Flame           Hex/Fire       21%        N/A       6%          3
d - Mephitic Cloud        Conj/Pois/Air  22%        N/A       5%          3
e - Call Imp              Summ           22%        N/A       2%          2
f - Magic Dart            Conj           100%       1d8       1%          1
g - Blink                 Tloc           N/A        N/A       4%          2

Your spell library contained the following spells:

 Spells                   Type           Power      Damage    Failure   Level
 Slow                     Hex            18%        N/A       4%          2
 Flame Wave               Conj/Fire      27%        3d6       11%         4


Dungeon Overview and Level Annotations

Branches:
Dungeon (7/15)             Temple (1/1) D:6           Sewer (visited)

Altars:
Elyvilon
Fedhas
Kikubaaqudgha
Ru
Sif Muna
Trog
Uskayaw
Vehumet


Innate Abilities, Weirdness & Mutations

You cannot wear most types of armour.
You are amphibious.
You can wear up to eight rings at the same time.
Your skin changes colour to match your surroundings (Stealth+).
Your rubbery body absorbs attacks. (AC +1, EV +1)
((You are camouflaged near water. (Stealth+)))
You have tentacles for arms and can constrict up to eight enemies at once.
You have a pair of small antennae on your head.
You are robust. (+10% HP)
You sometimes lose the ability to read scrolls when taking damage.


Message History

The scorpion stings you.
A wight comes into view. It is wielding a +0 mace.
Unknown command.
Your foxfire dissipates!
You feel very sick.
The foxfire hits the scorpion.
The scorpion is almost dead.
The wight throws a stone.
The stone hits you!
* * * LOW HITPOINT WARNING * * *
Unknown command.
Okay, then.
Okay, then.
Unknown command.
Casting: Foxfire (safe; 1% risk of failure)
Confirm with . or Enter, or press ? or * to list all spells.
Okay, then.
Aiming: Iceblast
Press: ? - help, Shift-Dir - straight line The mass of ice explodes!
The iceblast engulfs the scorpion!
You kill the scorpion!
Sif Muna accepts your kill.
The now-empty wand crumbles to dust.
* * * LOW HITPOINT WARNING * * *
You feel sick.
* * * LOW HITPOINT WARNING * * *
You feel sick.
* * * LOW HITPOINT WARNING * * *
You feel sick.
It was a potion of attraction.
You feel attractive to monsters.
* * * LOW HITPOINT WARNING * * *
You feel sick. The wight is attracted toward you.
It was a potion of mutation.
You feel extremely strange. A pair of antennae grows on your head!
You lose the ability to read scrolls when threatened.
You feel robust.
* * * LOW HITPOINT WARNING * * *
You feel sick. The wight hits you with a +0 mace!
You feel threatened and lose the ability to read scrolls!
You die...

#..#$#......#.....#
#..8#8.#.#'##..####
#.....(#.#.##.....#
##......#.#.##...#.#
........#.#.####.#.#####
......[...............>#
.#####.##.####.#.#######
.# #....# #.#.# ##
###### ##.#@# . #..#z# .
#.##.## #.....##
#####ยง.# ##.# #..# ##.#
.#


You could see a wight.

Vanquished Creatures
  Maggie (D:7)
  Eustachio (D:6)
  Menkaure (D:7)
  A water moccasin (Sewer)
  A black bear (D:7)
  2 centaurs
  2 ice beasts
  A necrophage (D:6)
  An ogre (D:6)
  A phantom (D:6)
  2 scorpions
  A water moccasin skeleton (D:7)
  4 wights (D:6)
  A bullfrog zombie (D:5)
  3 hounds
  An orc priest (D:7)
  A bullfrog skeleton (D:7)
  2 centaur skeletons
  7 iguanas
  A scorpion zombie (D:5)
  4 orc wizards
  A statue (D:6)
  A hound skeleton (D:5)
  A howler monkey zombie (D:7)
  2 howler monkey skeletons
  4 adders
  An adder skeleton (D:5)
  5 worms
  A dart slug (D:1)
  12 orcs
  4 bats
  8 endoplasms
  4 giant cockroaches
  6 goblins
  7 hobgoblins
  4 jackals
  5 quokkas
  8 ball pythons
  4 frilled lizards
  5 kobolds
  3 rats
125 creatures vanquished.

Vanquished Creatures (collateral kills)
  Pikel (D:5)
  Sigmund (D:3)
  An ogre (D:5)
  A hound (D:4)
  3 iguanas
  An adder (D:4)
  3 orcs (D:4)
  A jackal (Sewer)
  A ball python (D:5)
  A kobold (Sewer)
14 creatures vanquished.

Vanquished Creatures (others)
  259 foxfires
259 creatures vanquished.

Grand Total: 398 creatures vanquished

Notes
Turn   | Place    | Note
-------+----------+-------------------------------------------
     0 | D:1      | Conn the Octopode Hedge Wizard began the quest for the Orb.
     0 | D:1      | Reached XP level 1. HP: 11/11 MP: 4/4
   303 | D:1      | Reached XP level 2. HP: 17/17 MP: 0/6
  1254 | D:1      | Reached XP level 3. HP: 15/21 MP: 0/8
  1518 | D:1      | Learned a level 2 spell: Blink
  1521 | D:1      | Learned a level 2 spell: Call Imp
  1525 | D:1      | Learned a level 3 spell: Conjure Flame
  2262 | D:2      | Found an ancient bone altar of Kikubaaqudgha.
  2338 | D:2      | Reached XP level 4. HP: 27/27 MP: 6/9
  2751 | D:3      | Found a faded altar of an unknown god.
  3374 | D:3      | Noticed a scorpion
  3410 | D:3      | Killed a scorpion
  3411 | D:3      | Reached skill level 4 in Spellcasting
  3411 | D:3      | Reached XP level 5. HP: 14/31 MP: 0/11
  3874 | D:3      | Noticed Sigmund
  3935 | D:3      | Killed Sigmund
  3936 | D:3      | Reached XP level 6. HP: 14/36 MP: 5/12
  5608 | D:4      | Reached XP level 7. HP: 12/42 MP: 8/14
  6409 | D:5      | Entered Level 5 of the Dungeon
  6432 | D:5      | Reached skill level 5 in Spellcasting
  6724 | D:4      | Learned a level 3 spell: Mephitic Cloud
  6768 | D:5      | Found a glowing drain.
  6777 | Sewer    | Entered a sewer
  7131 | Sewer    | Learned a level 1 spell: Foxfire
  7135 | Sewer    | Learned a level 3 spell: Inner Flame
  7178 | D:5      | Found a white marble altar of Elyvilon.
  7181 | D:5      | Noticed Pikel
  7276 | D:5      | Reached skill level 1 in Poison Magic
  7483 | D:6      | Found a radiant altar of Vehumet.
  7527 | D:5      | Reached skill level 1 in Hexes
  7676 | D:5      | Killed Pikel
  7677 | D:5      | Reached skill level 1 in Fighting
  7677 | D:5      | Reached skill level 1 in Fire Magic
  7677 | D:5      | Reached skill level 1 in Air Magic
  7677 | D:5      | Reached XP level 8. HP: 22/48 MP: 1/16
  8977 | D:6      | Reached skill level 6 in Spellcasting
  9116 | D:6      | Reached XP level 9. HP: 23/53 MP: 11/18
  9146 | D:6      | Found a staircase to the Ecumenical Temple.
  9154 | Temple   | Entered the Ecumenical Temple
  9397 | Temple   | Became a worshipper of Sif Muna the Loreminder
  9792 | D:6      | Reached skill level 5 in Conjurations
  9882 | D:6      | Noticed Eustachio
  9915 | D:6      | Killed Eustachio
 11333 | D:7      | Noticed Menkaure
 11336 | D:7      | Killed Menkaure
 11487 | D:7      | Found a sacrificial altar of Ru.
 11492 | D:7      | Noticed Maggie
 11504 | D:7      | Killed Maggie
 11505 | D:7      | Reached skill level 7 in Spellcasting
 11719 | D:7      | Found a hide-covered altar of Uskayaw.
 12008 | D:7      | Gained mutation: You have a pair of small antennae on your
                  | head. [potion of mutation]
 12008 | D:7      | Gained mutation: You sometimes lose the ability to read
                  | scrolls when taking damage. [potion of mutation]
 12008 | D:7      | Gained mutation: You are robust. (+10% HP) [potion of
                  | mutation]
 12008 | D:7      | Mangled by a wight

Illustrated notes

Levels and vault maps discovered:
D:1:      dpeg_arrival_tiny_h, layout_basic
D:2:      layout_basic, basic_altar
D:3:      layout_basic, ebering_ecumenical_altar_rust, minmay_close_crescents,
          uniq_sigmund
D:4:      layout_loops_corners
D:5:      layout_loops_ring, elyvilon_altar_5, cheibrodos_sewer_entry_drain,
          uniq_pikel
D:6:      layout_basic, vehumet_statue, minmay_temple_entry_sparse_star,
          kennysheep_cluttered_room, uniq_eustachio
D:7:      minmay_spotlight, layout_basic, nicolae_overflow_crystal_walls,
          nicolae_uskayaw_murder_on_the_dancefloor, amethyst_killhole,
          minmay_statues_item, chequers_serial_rivers_small_3, uniq_maggie,
          uniq_menkaure
Temple:   hc_temple_tempest_star

Skill      XL: |  1  2  3  4  5  6  7  8  9 |
---------------+----------------------------+-----
Stealth        | 3 |  3.4
Conjurations   | 2 3 4 5 |  5.7
Spellcasting   | 4 5 6 7 |  7.3
Summonings     | 2 3 4 |  4.0
Translocations | 2 |  2.9
Poison Magic   | 2 3 4 |  4.0
Hexes          | 2 3 |  3.0
Fighting       | 1 |  1.9
Dodging        | 3 |  3.4
Fire Magic     | 1 2 4 |  4.8
Air Magic      | 1 2 |  2.4
Short Blades   | |  0.7
Evocations     | |  0.7

Action                   |  1- 3 |  4- 6 |  7- 9 || total
-------------------------+-------+-------+-------++-------
Melee: Dagger            |    20 |    26 |    73 ||   119
       Constrict         |     7 |     6 |    21 ||    34
       Tentacles         |     7 |     6 |    17 ||    30
Throw: Throwing net      |       |       |     1 ||     1
 Cast: Magic Dart        |   103 |    94 |    98 ||   295
       Call Imp          |     3 |    22 |    25 ||    50
       Conjure Flame     |       |     1 |     6 ||     7
       Blink             |       |       |     8 ||     8
       Foxfire           |       |       |   158 ||   158
       Mephitic Cloud    |       |       |     5 ||     5
       Inner Flame       |       |       |    11 ||    11
Evoke: Wand              |       |     4 |     3 ||     7
  Use: Potion            |       |     3 |     6 ||     9
       Scroll            |       |     3 |       ||     3
 Stab: Sleeping          |       |     2 |     2 ||     4
Armor: Skin              |     4 |     5 |     6 ||    15
Dodge: Dodged            |    24 |    47 |   100 ||   171

Table legend: (Time is in decaauts)
 A = Elapsed time spent in this place.
 B = Non-inter-level travel time spent in this place.
 C = Inter-level travel time spent in this place.
 D = Time resting spent in this place.
 E = Time spent auto-exploring this place.
 F = Levels seen in this place.
 G = Mean time per level.
                   A        B        C        D        E       F      G
               +--------+--------+--------+--------+--------+-----+--------+
         Total |  12024 |  11897 |    127 |   1377 |   7827 |   9 | 1336.0 |
       Dungeon |  11372 |  11257 |    115 |   1249 |   7494 |   7 | 1624.6 |
        Temple |    255 |    243 |     12 |      0 |    225 |   1 |  255.0 |
         Sewer |    395 |    395 |      0 |    128 |    108 |   1 |  395.0 |
               +--------+--------+--------+--------+--------+-----+--------+

Top non-repeatable levels by time:
     D:4: 2221 daAuts
     D:6: 1986 daAuts
     D:3: 1837 daAuts
     D:5: 1560 daAuts
     D:1: 1552 daAuts
     D:2: 1176 daAuts
     D:7: 1038 daAuts
   Sewer: 395 daAuts
  Temple: 255 daAuts
